 Dungeon Crawl Stone Soup version 0.29.1-15-g9cfb28693d (webtiles) character file.

Game seed: 8661123515155489674

5383 H0rd4k the Magician (level 10, -3/68 HPs)
             Began as an Octopode Artificer on Mar 8, 2023.
             Slain by a freezing wraith (11 damage)
             ... in an ice cave.
             The game lasted 00:19:13 (11755 turns).

H0rd4k the Magician (Octopode Artificer)           Turns: 11755, Time: 00:19:16

Health: -3/68      AC:  1    Str: 11    XL:     10   Next: 66%
Magic:  0/21       EV: 22    Int: 24    God:
Gold:   466        SH:  0    Dex: 19    Spells: 14/24 levels left

rFire   x . .      SeeInvis .     - Unarmed
rCold   + . .      Faith    .   (no shield)
rNeg    . . .      Spirit   +   (helmet restricted)
rPois   .          Reflect  .   f - amulet of guardian spirit
rElec   .          Harm     .   a - ring of ice
rCorr   .          Rampage  .   u - ring of flight
Will    .....                   A - +4 ring of evasion
Stlth   +++.......              d - +4 ring of evasion
HPRegen 0.21/turn               G - +6 ring of dexterity
MPRegen 0.17/turn               K - +6 ring of intelligence
                                (no ring)
                                (no ring)

@: attractive, flying
A: almost no armour, amphibious, 8 rings, camouflage 1, gelatinous body 1,
(nimble swimmer 1), tentacles
a: no special abilities


You were in an ice cave.
You visited 2 branches of the dungeon, and saw 12 of its levels.
You also visited: Ice Cave.

You collected 466 gold pieces.

Inventory:

Hand Weapons
 E - the +4 war axe "Emitumuc" {antimagic, rElec Will- Str+4 Dex+9}
   (You found it on level 5 of the Dungeon)

   It reduces the magical energy of the wielder, and disrupts the spells and
   magical abilities of those it strikes.
   Natural abilities and divine invocations are not affected.
   Str:       It affects your strength (+4).
   Dex:       It affects your dexterity (+9).
   rElec:     It insulates you from electricity.
   Will:      It decreases your willpower.
Missiles
 q - 8 poisoned darts
Jewellery
 a - a ring of ice (left tentacle)
 d - a +4 ring of evasion (on tentacle)
 f - an amulet of guardian spirit (around mantle)
 u - a ring of flight (right tentacle)
 A - a +4 ring of evasion (on tentacle)
 G - a +6 ring of dexterity (on tentacle)
 K - a +6 ring of intelligence (on tentacle)
 L - an amulet of reflection
Wands
 c - a wand of iceblast (3)
 F - a wand of flame (11) (quivered)
 I - a wand of digging (16)
 M - a wand of quicksilver (1)
Scrolls
 e - 6 scrolls of fog
 h - a scroll of amnesia
 k - a scroll of vulnerability
 o - a scroll of poison
 p - 4 scrolls of enchant armour
 y - 2 scrolls of torment
 B - 3 scrolls of teleportation
 C - 2 scrolls of magic mapping
Potions
 g - a potion of might
 l - 3 potions of curing
 m - 2 potions of invisibility
 n - a potion of berserk rage
 r - 2 potions of haste
 s - 2 potions of flight
 v - 3 potions of degeneration
 w - 2 potions of attraction
 z - a potion of brilliance {unknown}
 D - a potion of ambrosia
 H - 2 potions of mutation
 J - 3 potions of lignification {unknown}


   Skills:
 + Level 5.9 Fighting
 - Level 2.8 Dodging
 - Level 1.3 Stealth
 - Level 6.8 Unarmed Combat
 * Level 7.8 Spellcasting
 * Level 7.5 Summonings
 - Level 4.5 Ice Magic
 * Level 0.8 Air Magic
 - Level 3.2 Evocations


You had 14 spell levels left.
You knew the following spells:

 Your Spells              Type           Power      Damage    Failure   Level
a - Call Canine Familiar  Summ           45%        N/A       1%          3
b - Summon Ice Beast      Ice/Summ       55%        N/A       5%          4
c - Swiftness             Air            13%        N/A       14%         3

Your spell library contained the following spells:

 Spells                   Type           Power      Damage    Failure   Level
 Frozen Ramparts          Ice            92%        1d14      3%          3
 Ensorcelled Hibernation  Hex/Ice        60%        N/A       4%          2
 Beastly Appendage        Tmut           18%        N/A       7%          1
 Static Discharge         Conj/Air       11%        3-5/arc   9%          2
 Passwall                 Tmut/Erth      7%         N/A       10%         2
 Sublimation of Blood     Necr           9%         N/A       10%         2
 Wereblood                Tmut           9%         N/A       10%         2
 Dazzling Flash           Conj/Hex       18%        N/A       21%         3
 Ignite Poison            Fire/Tmut/Pois 9%         N/A       21%         3
 Portal Projectile        Hex/Tloc       18%        N/A       21%         3
 Spider Form              Tmut/Pois      9%         N/A       21%         3
 Ice Form                 Ice/Tmut       30%        N/A       26%         4
 Iskenderun's Mystic Bla  Conj/Tloc      9%         2d4       54%         4
 Leda's Liquefaction      Hex/Erth       4%         N/A       54%         4
 Lightning Bolt           Conj/Air       5%         1d17      83%         5
 Yara's Violent Unravell  Hex/Tmut       4%         3d4       88%         5
 Summon Hydra             Summ           22%        N/A       94%         7
 Starburst                Conj/Fire      4%         6d4       100%        6
 Maxwell's Capacitive Co  Air            6%         āˆž       100%        8


Dungeon Overview and Level Annotations

Branches:
Dungeon (11/15)            Temple (1/1) D:7             Orc (0/2) D:9
  IceCv (1/1)
   Lair: D:8-11

Altars:
Ashenzari
Cheibriados
Dithmenos
Elyvilon
Fedhas
Hepliaklqana
Kikubaaqudgha
Makhleb
Nemelex Xobeh
Okawaru
Qazlal
Ru
Sif Muna
Trog
Vehumet
Wu Jian
Xom
Zin
The Shining One

Shops:
D:8 *

Annotations:
D:5 exclusion: downstairs, Edmund, Sigmund
D:6 exclusions: ice beast and 3 steam dragons
D:7 Pikel
D:10 exclusions: shadow and 2 upstairs


Innate Abilities, Weirdness & Mutations

You cannot wear most types of armour.
You are amphibious.
You can wear up to eight rings at the same time.
Your skin changes colour to match your surroundings (Stealth+).
Your rubbery body absorbs attacks. (AC +1, EV +1)
((You are camouflaged when in or above water. (Stealth+)))
You have tentacles for arms and can constrict up to eight enemies at once.


Message History

The anaconda simulacrum constricts you.
The cane toad simulacrum hits your ice beast.
The cane toad simulacrum freezes your ice beast.
Your ice beast completely resists.
Your ice beast hits the death yak simulacrum.
Your ice beast freezes the death yak simulacrum.
The death yak simulacrum completely resists.
The freezing wraith misses you.
The freezing wraith completely misses you.
The wolf simulacrum misses you.
You bludgeon the anaconda simulacrum!
The anaconda simulacrum vaporises!
The cane toad simulacrum hits your ice beast!
The cane toad simulacrum freezes your ice beast.
Your ice beast completely resists.
The freezing wraith hits you! The freezing wraith freezes you! You resist.
* * * LOW HITPOINT WARNING * * *
The freezing wraith completely misses you.
The wolf simulacrum bites you.
* * * LOW HITPOINT WARNING * * *
The wolf simulacrum freezes you. You resist.
* * * LOW HITPOINT WARNING * * *
Okay, then.
Okay, then.
Okay, then.
Unknown command.
Unknown command.
Unknown command.
Press: ? - help, v - describe, . - travel
Here: a wolf simulacrum The floor.
Unknown command.
It was a potion of attraction.
You feel attractive to monsters.
The wolf simulacrum bites you but does no damage.
Your ice beast hits the death yak simulacrum.
Your ice beast freezes the death yak simulacrum.
The death yak simulacrum completely resists.
The freezing wraith hits you!
You die...

### ...###
......#
.......##
........##
.8....Z..#
......YZ.#
?.....Zā—‹@#
.......W.#
.8.......#
........##
.......##
......#
...### ###


You could see a freezing wraith, a wolf simulacrum, a death yak simulacrum
(distracted, ally target), a cane toad simulacrum and a friendly ice beast
(summoned).

Vanquished Creatures
  An anaconda simulacrum (IceCv)
  A troll (D:11)
  2 wyverns
  2 yaks (D:10)
  Eustachio (D:4)
  A death yak simulacrum (IceCv)
  2 acid dragons
  2 water moccasins
  An orc warrior (D:9)
  A black bear (D:6)
  An ogre (D:7)
  2 sky beasts (D:7)
  A centaur (D:8)
  2 phantoms (D:5)
  Blork the orc (D:4)
  2 bullfrogs
  A necrophage (D:7)
  3 scorpions
  2 howler monkeys (D:9)
  A crimson imp (D:6)
  A jelly (D:6)
  3 hounds
  2 orc priests
  9 iguanas
  6 orc wizards
  Robin (D:4)
  A gnoll (D:9)
  9 adders
  2 white imps
  2 ufetubi
  A dart slug (D:1)
  18 orcs
  3 ball pythons
  6 endoplasms
  3 giant cockroaches (D:4)
  14 goblins
  11 hobgoblins
  5 quokkas
  5 bats (D:2)
  A frilled lizard (D:2)
  5 kobolds
  6 rats
144 creatures vanquished.

Vanquished Creatures (collateral kills)
  6 yaks
  2 vampire mosquitoes (D:11)
  An acid dragon (D:9)
  An orc warrior (D:9)
  2 killer bees (D:9)
  A jelly (D:6)
  A gnoll bouda (D:9)
  3 orc priests
  2 iguanas (D:7)
  4 orc wizards (D:9)
  4 gnolls (D:9)
  11 orcs
38 creatures vanquished.

Vanquished Creatures (others)
  A killer bee (D:9)
1 creature vanquished.

Grand Total: 183 creatures vanquished

Notes
Turn   | Place    | Note
-------+----------+-------------------------------------------
     0 | D:1      | H0rd4k the Octopode Artificer began the quest for the Orb.
     0 | D:1      | Reached XP level 1. HP: 13/13 MP: 1/1
   275 | D:1      | Reached XP level 2. HP: 16/18 MP: 1/3
   880 | D:2      | Reached skill level 1 in Spellcasting
   987 | D:2      | Found a faded altar of an unknown god.
  1127 | D:2      | Reached XP level 3. HP: 24/24 MP: 4/4
  1542 | D:2      | Reached skill level 1 in Unarmed Combat
  2085 | D:2      | Reached XP level 4. HP: 26/30 MP: 6/6
  2687 | D:3      | Found an ornate altar of the Wu Jian Council.
  2801 | D:3      | Found a sparkling altar of Nemelex Xobeh.
  2803 | D:3      | Found a broken altar of Ashenzari.
  3005 | D:3      | Found a hazy altar of Hepliaklqana.
  3143 | D:4      | Reached XP level 5. HP: 23/35 MP: 6/8
  3170 | D:4      | Found a glowing silver altar of Zin.
  3189 | D:4      | Noticed Blork the orc
  3193 | D:4      | Killed Blork the orc
  3217 | D:4      | Reached XP level 6. HP: 17/42 MP: 1/9
  3413 | D:4      | Noticed Robin
  3499 | D:4      | Killed Robin
  4250 | D:4      | Found a shimmering blue altar of Sif Muna.
  4533 | D:4      | Noticed Eustachio
  4547 | D:4      | Killed Eustachio
  4548 | D:4      | Reached XP level 7. HP: 34/46 MP: 8/11
  4722 | D:5      | Entered Level 5 of the Dungeon
  4722 | D:5      | Found a sacrificial altar of Ru.
  4746 | D:5      | Reached skill level 5 in Unarmed Combat
  4939 | D:5      | Noticed Edmund
  4951 | D:5      | Noticed Sigmund
  4999 | D:5      | Identified the +4 war axe "Emitumuc" {antimagic, rElec
                  | Will- Str+4 Dex+9}
  5336 | D:5      | Found a stormy altar of Qazlal.
  5844 | D:6      | Noticed a steam dragon
  5890 | D:6      | Reached XP level 8. HP: 54/54 MP: 13/13
  6148 | D:6      | Learned a level 3 spell: Call Canine Familiar
  6217 | D:6      | Reached skill level 1 in Summonings
  6467 | D:6      | Identified the +6 leather armour "Zifruech" {rC- rCorr
                  | Int+2}
  6595 | D:6      | Found a burning altar of Makhleb.
  6737 | D:7      | Found a staircase to the Ecumenical Temple.
  6760 | Temple   | Entered the Ecumenical Temple
  6881 | D:7      | Noticed a hornet
  7311 | D:7      | Learned a level 4 spell: Summon Ice Beast
  7317 | D:7      | Noticed a shadow
  7432 | D:7      | Reached skill level 5 in Fighting
  7432 | D:7      | Reached skill level 5 in Spellcasting
  7432 | D:7      | Reached skill level 1 in Ice Magic
  7432 | D:7      | Reached XP level 9. HP: 61/61 MP: 16/16
  7505 | D:7      | Noticed Pikel
  7725 | D:8      | Found Zulilul's General Store.
  8850 | D:8      | Found an ancient bone altar of Kikubaaqudgha.
  8967 | D:9      | Found a glowing golden altar of the Shining One.
  9175 | D:10     | Entered Level 10 of the Dungeon
  9403 | D:10     | Found a radiant altar of Vehumet.
  9863 | D:10     | Got Xocw's Catalogue of Ozone and Reformation
 10141 | D:10     | Reached skill level 5 in Summonings
 10556 | D:9      | Reached XP level 10. HP: 68/68 MP: 12/19
 11132 | D:9      | Found a staircase to the Orcish Mines.
 11586 | D:9      | You are sucked into a shaft and drop 2 floors!
 11712 | D:11     | Learned a level 3 spell: Swiftness
 11732 | D:11     | Found a frozen archway.
 11744 | IceCv    | Entered an ice cave
 11755 | IceCv    | Slain by a freezing wraith

Illustrated notes

Levels and vault maps discovered:
D:1:      spicycebolla_green_bress_n_ham_2, layout_basic, fountainhead
D:2:      kb_forest_paths, layout_basic, shapermc_ecumenical_altar_acropolis,
          minmay_pentomino_o2
D:3:      layout_basic, nzn_wu_jian_council_hall, lemuel_doored_altar,
          nicolae_overflow_hidden_temple, nrook_campfire
D:4:      layout_basic, mainiacjoe_overflow_24_doors,
          nicolae_overflow_crystal_walls, hangedman_decor_opposing, st_stairs_1,
          uniq_eustachio, uniq_blork_the_orc, uniq_robin
D:5:      minmay_angry_zag, layout_gridville, nicolae_qazlal_general_emergency,
          lemuel_round_altar, sigmund_edmund_badplayer, uniq_sigmund
D:6:      cheibrodos_steamvent, layout_rooms, makhleb_grotto_becter
D:7:      layout_basic, minmay_temple_entry_large_hall,
          nicolae_concentric_dashed_squares_mild, uniq_pikel
D:8:      layout_basic, lemuel_coloured_pillars_altar, serial_shops, shop
D:9:      layout_stronghold, kennysheep_mini_moat, orc_0_dummy
D:10:     layout_stronghold, nicolae_vehumet_altar_sigil,
          lemuel_zombie_altar_yredelemnul
D:11:     layout_irregular_city, lair_entry_dummy, gammafunk_ghost_ooze,
          serial_shops, shop, portal_ice_cave_entry_pillars_1
Temple:   nicolae_temple_great_sept
IceCv:    ice_cave_statue_garden_transporter

Skill      XL: |  1  2  3  4  5  6  7  8  9 10 |
---------------+-------------------------------+-----
Spellcasting   | 1 2 3 5 6 7 |  7.8
Fighting       | 2 3 4 5 |  5.9
Unarmed Combat | 1 2 3 4 6 |  6.8
Summonings     | 3 5 7 |  7.5
Ice Magic      | 1 3 4 |  4.5
Dodging        | |  2.8
Stealth        | |  1.3
Air Magic      | |  0.8
Evocations     | |  3.2

Action                   |  1- 3 |  4- 6 |  7- 9 | 10-12 || total
-------------------------+-------+-------+-------+-------++-------
Melee: Unarmed           |    90 |   100 |   202 |    32 ||   424
       Constrict         |    21 |    25 |    35 |     8 ||    89
       Tentacles         |    21 |    26 |    60 |    11 ||   118
       Punch             |     1 |     3 |    13 |     1 ||    18
 Cast: Call Canine Famil |       |       |    10 |    13 ||    23
       Summon Ice Beast  |       |       |     5 |    11 ||    16
Evoke: Wand              |       |    15 |    65 |     6 ||    86
  Use: Potion            |     1 |     1 |       |     8 ||    10
       Scroll            |       |       |       |    16 ||    16
 Stab: Sleeping          |    13 |     4 |     7 |       ||    24
       Distracted        |       |       |     1 |     1 ||     2
Armor: Skin              |     4 |     5 |     4 |     1 ||    14
Dodge: Dodged            |    45 |    58 |   157 |    70 ||   330
